AoeStats
← Memory

Lombardia

509926861Analyzed
4v4 RM · 5d ago on Sep 28, 2026· 52m 6s· 8 players
Game mode
Random Map
Map size
Large (8 player)
Population
200
Speed
Normal
Resources
Standard
Victory
Conquest
Starting age
Dark Age
Ending age
Imperial Age
RankedLock teamsTeams togetherTeam positionsShared explorationLock speedFull tech treeHidden civsTurbo modeCheats
Victory
Defeat
🇵🇰 Inca · Pakistan
1007
+17
🇲🇦 Hindustanis · Morocco
1003
+17
🇵🇰 Khmer · Pakistan
996
+17
🇹🇷 Burgundians · Türkiye
961
+18
🇭🇰 Jurchens · Hong Kong SAR China
1062
-19
🇭🇰 Hindustanis · Hong Kong SAR China
1057
-19
🇭🇰 Tatars · Hong Kong SAR China
1016
-17
🇹🇷 Huns · Türkiye
947
-14
Just_jawad
0:28 Loom
11:40 Feudal Age
15:27 Castle Age
15:14 Double-Bit Axe
15:12 Horse Collar
19:23 Bow Saw
27:48 Wheelbarrow
29:03 Stone Mining
29:05 Gold Mining
30:49 Hand Cart
31:24 Tusk Swords
34:03 Imperial Age
31:55 Hand Cart
33:23 Fletching
33:34 Padded Archer Armor
34:55 Ballistics
35:11 Conscription
35:57 Elite Ballista Elephant
37:12 Bodkin Arrow
37:33 Leather Archer Armor
37:50 Double Crossbow
38:26 Hoardings
38:01 Heavy Plow
38:30 Bloodlines
38:21 Husbandry
38:28 Husbandry
40:32 Chemistry
39:23 Heated Shot
39:44 Masonry
39:41 Siege Engineers
39:31 Murder Holes
39:09 Capped Ram
40:27 Arson
40:47 Siege Ram
42:58 Bracer
43:29 Ring Archer Armor
43:06 Scale Barding Armor
KingTeOTep
5:23 Loom
10:49 Feudal Age
16:19 Castle Age
14:24 Horse Collar
15:28 Double-Bit Axe
19:26 Bow Saw
20:59 Heavy Plow
22:00 Gold Mining
23:16 Wheelbarrow
24:46 Hand Cart
29:13 Imperial Age
28:06 Gold Shaft Mining
28:09 Scale Barding Armor
28:15 Forging
28:57 Husbandry
29:42 Stone Mining
31:03 Two-Man Saw
31:09 Bloodlines
30:20 Heavy Camel Rider
31:24 Masonry
32:35 Imperial Camel Rider
34:47 Coinage
34:49 Chain Barding Armor
35:34 Iron Casting
35:06 Grand Trunk Road
35:27 Conscription
35:39 Caravan
37:49 Blast Furnace
37:25 Plate Barding Armor
38:51 Chemistry
41:45 Fletching
42:22 Ballistics
44:52 Town Watch
45:15 Light Cavalry
46:56 Stone Shaft Mining
46:21 Murder Holes
47:45 Bodkin Arrow
50:39 Hussar
Memory
10:00 Feudal Age
8:19 Loom
10:04 Feudal Age
10:31 Champi Runner
12:28 Forging
13:13 Scale Mail Armor
16:46 Arson
19:52 Double-Bit Axe
19:47 Horse Collar
19:58 Gold Mining
23:57 Castle Age
26:16 Elite Skirmisher
27:45 Fletching
29:37 Bodkin Arrow
29:44 Padded Archer Armor
31:23 Leather Archer Armor
31:54 Heavy Plow
35:39 Wheelbarrow
38:18 Ballistics
40:47 Imperial Age
42:10 Iron Casting
41:44 Bracer
43:37 Chemistry
44:12 Ring Archer Armor
44:01 Hand Cart
44:45 Thumb Ring
44:43 Pikeman
45:23 Squires
46:04 Halberdier
48:59 Blast Furnace
sonsehzadee
2:05 Loom
3:25 Wheelbarrow
12:22 Double-Bit Axe
15:55 Feudal Age
15:17 Horse Collar
15:36 Gold Mining
17:09 Hand Cart
17:22 Heavy Plow
21:13 Castle Age
19:46 Bow Saw
20:48 Stone Mining
21:41 Gold Shaft Mining
24:24 Stone Shaft Mining
29:41 Crop Rotation
36:01 Imperial Age
35:39 Caravan
36:09 Burgundian Vineyards
36:00 Cavalier
36:41 Husbandry
37:26 Coinage
37:07 Guilds
38:21 Conscription
37:37 Paladin
39:35 Paladin
39:59 Pikeman
40:41 Squires
40:26 Arson
40:45 Halberdier
41:13 Paladin
45:32 Scale Barding Armor
45:38 Forging
49:26 Chain Barding Armor
49:07 Scale Mail Armor
49:42 Iron Casting
50:19 Flemish Revolution
HeartNett
0:33 Loom
11:01 Feudal Age
11:28 Double-Bit Axe
12:33 Horse Collar
17:35 Stone Mining
17:39 Gold Mining
21:11 Castle Age
22:03 Husbandry
24:36 Wheelbarrow
24:14 Bow Saw
24:07 Heavy Plow
25:30 Bloodlines
25:57 Marauders
27:37 Hand Cart
28:13 Gold Shaft Mining
33:56 Imperial Age
34:28 Elite Tarkan
35:51 Forging
36:26 Scale Barding Armor
38:34 Caravan
39:13 Iron Casting
38:58 Chain Barding Armor
41:20 Two-Man Saw
46:08 Blast Furnace
45:44 Plate Barding Armor
KIMOCHI8836
8:54 Loom
11:16 Feudal Age
11:49 Double-Bit Axe
12:04 Horse Collar
15:56 Castle Age
17:14 Town Watch
19:26 Bloodlines
19:16 Husbandry
19:30 Forging
19:25 Scale Barding Armor
24:53 Heavy Plow
26:51 Elite Skirmisher
28:09 Bow Saw
28:20 Scale Barding Armor
29:23 Gold Mining
33:18 Imperial Age
31:50 Wheelbarrow
31:03 Town Watch
31:54 Town Patrol
32:46 Hand Cart
33:32 Iron Casting
33:17 Chain Barding Armor
33:42 Fletching
33:53 Padded Archer Armor
33:51 Murder Holes
33:26 Heavy Camel Rider
35:15 Blast Furnace
36:22 Conscription
36:10 Gold Mining
36:33 Grand Trunk Road
36:51 Grand Trunk Road
37:36 Gold Shaft Mining
36:28 Imperial Camel Rider
39:03 Chemistry
38:26 Ballistics
42:23 Onager
42:50 Light Cavalry
45:31 Plate Barding Armor
44:53 Bodkin Arrow
47:07 Hussar
48:41 Bracer
melodyfans
8:21 Loom
11:25 Feudal Age
12:21 Double-Bit Axe
16:16 Wheelbarrow
19:53 Castle Age
18:57 Horse Collar
19:59 Fletching
20:11 Padded Archer Armor
22:04 Husbandry
22:15 Bloodlines
22:49 Forging
23:18 Bow Saw
23:35 Gold Mining
27:25 Light Cavalry
29:22 Scale Barding Armor
30:57 Iron Casting
30:50 Heavy Plow
31:32 Chain Barding Armor
34:07 Treadmill Crane
34:44 Fortified Wall
35:15 Hand Cart
38:25 Imperial Age
38:35 Elite Steppe Lancer
39:41 Hussar
43:43 Gold Shaft Mining
42:58 Stone Mining
45:38 Chemistry
44:58 Ballistics
44:36 Murder Holes
47:47 Heavy Rocket Cart
50:35 Two-Man Saw
51:14 Conscription
50:56 Crossbowman
SonkyBro
7:38 Loom
9:47 Feudal Age
10:36 Double-Bit Axe
12:21 Horse Collar
14:58 Forging
21:01 Castle Age
19:18 Fletching
21:42 Bodkin Arrow
22:01 Bow Saw
26:11 Bloodlines
26:02 Husbandry
26:24 Heavy Plow
27:20 Wheelbarrow
30:42 Ballistics
30:59 Gold Mining
31:00 Stone Mining
36:05 Imperial Age
33:40 Silk Armor
34:07 Padded Archer Armor
34:13 Scale Barding Armor
34:44 Iron Casting
34:22 Light Cavalry
36:38 Chain Barding Armor
37:11 Conscription
37:20 Caravan
37:18 Capped Ram
41:02 Gold Shaft Mining
40:32 Onager
42:53 Chemistry
42:00 Siege Engineers
43:25 Hussar
46:50 Plate Barding Armor
47:16 Blast Furnace
Connection lost

Rejoining the realm…

Still unreachable

The connection could not be restored.

Session expired

The server has moved on; the page needs a fresh start.